 Dungeon Sprint DCSS version 0.23.2-1-ga50397a6bc (webtiles) character file.

Game seed: 12227557443902908899

13631 Kobolds4U the Imperceptible (level 11, -10/58 HPs)
             Began as a Spriggan Assassin on May 29, 2019.
             Was a High Priest of Okawaru.
             Mangled by a fire giant
             ... wielding a +0 great sword of flaming
              (30 damage)
             ... in the Dungeon (Sprint I: "Red Sonja").
             The game lasted 00:28:01 (3422 turns).

Kobolds4U the Imperceptible (Spriggan Assassin)     Turns: 3422, Time: 00:28:01

Health: -10/58     AC:  8    Str:  7    XL:     11   Next: 78%
Magic:  12/19      EV: 37    Int: 13    God:    Okawaru [*****.]
Gold:   1145       SH:  0    Dex: 21    Spells: 10/10 levels left

rFire    + + .     SeeInvis +   b - +0 blowgun
rCold    . . .     Gourm    .   (shield restricted)
rNeg     + . .     Faith    .   p - +0 troll leather armour
rPois    +         Spirit   .   l - +2 hat {MR+}
rElec    +         Reflect  .   d - +0 cloak
rCorr    .         Harm     .   (gloves unavailable)
MR       ++...     Clarity  +   (boots unavailable) Stlth +++++++++.NoTele +
                                (no amulet)
HPRegen  0.59/turn              C - ring "Ylucs" {rElec rPois rF+ rN+ Slay-3}
MPRegen  0.16/turn              D - ring of protection from fire

@: heroism, finesse, very quick
A: very small, unfitting armour, fangs 1, see invisible, clarity, herbivore,
speed 3, sense surroundings 1, slow metabolism 2, wild magic 1
a: Heroism, Finesse, Renounce Religion


You were in the Dungeon.
You worshipped Okawaru.
Okawaru was extremely pleased with you.
You were not hungry.

You visited 1 branch You collected 3746 gold pieces.
You spent 2601 gold pieces at shops.

Inventory:

Hand Weapons
 a - a +2 dagger of flaming
 b - a +0 blowgun (weapon)
 q - a +1 dagger of venom
 z - a +1 shortbow of velocity
Missiles
 e - 18 poisoned needles (quivered)
 f - 3 needles of frenzy
 h - a curare-tipped needle
 n - 3 needles of confusion
 o - 46 arrows
 u - 5 needles of sleeping
Armour
 c - a +0 robe
 d - a +0 cloak (worn)
 l - a +2 hat of magic resistance (worn)
 p - a +0 troll leather armour (worn)
Jewellery
 w - the ring "Ziryax" {rPois MP+9}
   (You found it in the Dungeon)

   [ring of magical power]

   It protects you from poison.
   It affects your magic capacity (+9).
 y - a +5 ring of dexterity
 B - the ring "Sajalyov" {MR+ Str+2}
   (You bought it in a shop in the Dungeon)

   [ring of protection from magic]

   It affects your strength (+2).
   It affects your resistance to hostile enchantments.
 C - the ring "Ylucs" (left hand) {rElec rPois rF+ rN+ Slay-3}
   (You bought it in a shop in the Dungeon)

   [ring of positive energy]

   It affects your accuracy and damage with ranged weapons and melee attacks
   (-3).
   It protects you from fire.
   It insulates you from electricity.
   It protects you from poison.
   It protects you from negative energy.
 D - a ring of protection from fire (right hand)
Scrolls
 m - a scroll of blinking
 r - a scroll of vulnerability
Potions
 i - 2 potions of heal wounds
 j - 2 potions of haste
 k - 2 potions of magic
 s - a potion of lignification
 t - 2 potions of curing
 v - 2 potions of invisibility
 x - 2 potions of agility
 A - a potion of resistance
Comestibles
 g - 3 rations


   Skills:
 + Level 7.5(12.5) Fighting
 - Level 15.1(20.1) Short Blades
 - Level 7.0(12.0) Throwing
 - Level 17.0(22.0) Dodging
 - Level 25.0(27) Stealth
 + Level 9.9 Invocations


You had 10 spell levels left.
You didn't know any spells.
Your spell library was empty.

Dungeon Overview and Level Annotations

Branches:
Dungeon (1/1)

Altars:
Cheibriados
Dithmenos
Elyvilon
Fedhas
Gozag
Hepliaklqana
Kikubaaqudgha
Makhleb
Nemelex Xobeh
Okawaru
Qazlal
Ru
Sif Muna
Trog
Uskayaw
Vehumet
Wu Jian
Xom
Yredelemnul
Zin
The Shining One
Jiyva
Lugonu

Shops:
D !(%=}(*?*?}?!(}[}

Annotations:
D exclusion: 4 doors


Innate Abilities, Weirdness & Mutations

You are very small and have problems with some larger weapons.
You are too small for most types of armour.
You have supernaturally acute eyesight. (SInv)
You are a herbivore.
You cover ground extremely quickly.
You need to consume almost no food.
You have very sharp teeth.
You possess an exceptional clarity of mind.
You passively map a small area around you.
Your spells are a little harder to cast, but a little more powerful.


Message History

You feel much better.
The fire giant gestures at you while chanting.
The fireball explodes!
The fireball engulfs you! You resist.
* * * LOW HITPOINT WARNING * * *
You can now deal lightning-fast blows.
You gain the combat prowess of a mighty hero.
The fire giant gestures at you while chanting.
The bolt of fire hits you! You resist.
* * * LOW HITPOINT WARNING * * *
You feel much better.
Firing (i - inventory. (/) - cycle)
e - 19 poisoned needles (quivered)
Press: ? - help, Shift-Dir - straight line, f/p - fire giant
Aim: a fire giant, wielding a +0 great sword of flaming (severely wounded, poisoned)
You shoot a poisoned needle.
The poisoned needle hits the fire giant!!
The fire giant looks as sick as possible!
The fire giant is severely wounded.
The fire giant hits you with a +0 great sword of flaming!!
Ouch! That really hurt!
You die...

#################################
..#.)'..#__#..+.C)#|§#.C§§§§§§§§§
.)'..#..'..'..#.@.##§#§####§.§§§#
#'#####+#__####)..'§§#§#.###§§§##
..#...#.####§§#####§§§(#+#$###'#
###..##.#≈§§§§#..##+####^.$#y#.##
__##'#_.'≈≈§§§§.§#§.§.°#..$###.(#
...'..._#≈≈§§)#..#§§§^^+..$$$##(#
__##_.#'##'#####'###.)°#^....#§.#
__###'#.#...)###.'.#°°○###++##.##
#####s####'###.###.#°○###.°###..#


You could see a fire giant.

Vanquished Creatures
  A lorocyproca (D)
  A hydra (D)
  2 centaur warriors (D)
  Sonja (D)
  6 unseen horrors (D)
  A deep troll (D)
  A lindwurm (D)
  An oklob plant (D)
  A gargoyle (D)
  2 kobold demonologists (D)
  2 demonic crawlers (D)
  A hornet (D)
  A slime creature (D)
  2 redbacks (D)
  Sigmund (D)
  A yak (D)
  13 hogs (D)
  3 floating eyes (D)
  7 necrophages (D)
  An ogre (D)
  8 jellies (D)
  Ijyb (D)
  3 ballistomycetes (D)
  A ballistomycete spore (D)
62 creatures vanquished.

Vanquished Creatures (others)
  An unseen horror (D)
  A gargoyle (D)
  A ballistomycete spore (D)
3 creatures vanquished.

Grand Total: 65 creatures vanquished

Notes
Turn   | Place    | Note
-------+----------+-------------------------------------------
     0 | D        | Kobolds4U the Spriggan Assassin began the quest for the
                  | Orb.
     0 | D        | Reached XP level 1. HP: 10/10 MP: 2/2
     1 | D        | Noticed Ijyb
    13 | D        | Killed Ijyb
    13 | D        | Reached skill level 10 in Stealth
    13 | D        | Reached XP level 2. HP: 8/14 MP: 3/3
   148 | D        | Noticed an ogre
   151 | D        | Killed an ogre
   151 | D        | Reached skill level 14 in Stealth
   151 | D        | Reached XP level 3. HP: 18/18 MP: 4/4
   151 | D        | Reached XP level 4. HP: 22/22 MP: 5/5
   161 | D        | Noticed Sigmund
   164 | D        | Killed Sigmund
   164 | D        | Reached skill level 18 in Stealth
   164 | D        | Reached XP level 5. HP: 25/25 MP: 6/6
   176 | D        | Found an ornate altar of the Wu Jian Council.
   176 | D        | Found a deep blue altar of Sif Muna.
   178 | D        | Found a radiant altar of Vehumet.
   182 | D        | Reached XP level 6. HP: 30/30 MP: 7/7
   196 | D        | Found a burning altar of Makhleb.
   196 | D        | Found a viscous altar of Jiyva.
   196 | D        | Found a shimmering altar of Xom.
   196 | D        | Found a corrupted altar of Lugonu.
   196 | D        | Noticed a slime creature
   199 | D        | Killed a slime creature
   199 | D        | Reached skill level 20 in Stealth
   224 | D        | Found Kahul's Antique Weapon Emporium.
   224 | D        | Found an ancient bone altar of Kikubaaqudgha.
   224 | D        | Found a hazy altar of Hepliaklqana.
   224 | D        | Found a stormy altar of Qazlal.
   224 | D        | Found a hide-covered altar of Uskayaw.
   224 | D        | Found a blossoming altar of Fedhas.
   224 | D        | Found a bloodstained altar of Trog.
   224 | D        | Found an iron altar of Okawaru.
   224 | D        | Found a basalt altar of Yredelemnul.
   224 | D        | Found a glowing golden altar of the Shining One.
   224 | D        | Found a snail-covered altar of Cheibriados.
   224 | D        | Found a sacrificial altar of Ru.
   224 | D        | Found a glowing silver altar of Zin.
   224 | D        | Found a shadowy altar of Dithmenos.
   224 | D        | Found a white marble altar of Elyvilon.
   224 | D        | Noticed a yak
   225 | D        | Found an opulent altar of Gozag.
   226 | D        | Killed a yak
   226 | D        | Reached skill level 21 in Stealth
   226 | D        | Reached XP level 7. HP: 37/37 MP: 8/8
   227 | D        | Found a sparkling altar of Nemelex Xobeh.
   234 | D        | Became a worshipper of Warmaster Okawaru
   260 | D        | Noticed a kobold demonologist
   261 | D        | Noticed a kobold demonologist
   263 | D        | Reached skill level 5 in Fighting
   265 | D        | Killed a kobold demonologist
   265 | D        | Reached * piety under Okawaru
   267 | D        | Killed a kobold demonologist
   267 | D        | Reached ** piety under Okawaru
   267 | D        | Reached skill level 22 in Stealth
   267 | D        | Reached XP level 8. HP: 45/45 MP: 9/9
   273 | D        | Noticed a demonic crawler
   273 | D        | Noticed a demonic crawler
   273 | D        | Noticed a demonic crawler
   273 | D        | Noticed a demonic crawler
   457 | D        | Noticed a centaur warrior
   457 | D        | Noticed a centaur warrior
   462 | D        | Killed a centaur warrior
   462 | D        | Reached *** piety under Okawaru
   462 | D        | Reached skill level 5 in Short Blades
   462 | D        | Reached skill level 23 in Stealth
   463 | D        | Killed a centaur warrior
   463 | D        | Received a gift from Okawaru
   463 | D        | Reached XP level 9. HP: 49/49 MP: 10/10
   488 | D        | Noticed an oklob plant
   490 | D        | Killed an oklob plant
   490 | D        | Reached **** piety under Okawaru
   512 | D        | Received a gift from Okawaru
   688 | D        | Killed a gargoyle
   742 | D        | Noticed an unseen horror
   743 | D        | Noticed an unseen horror
   778 | D        | Killed an unseen horror
   778 | D        | Reached skill level 15 in Dodging
   778 | D        | Reached XP level 10. HP: 21/53 MP: 10/13
   815 | D        | Killed an unseen horror
   815 | D        | Reached ***** piety under Okawaru
   815 | D        | Reached skill level 10 in Short Blades
  1048 | D        | Noticed a deep troll
  1050 | D        | Killed a deep troll
  1067 | D        | Found Seoha's Armour Emporium.
  1082 | D        | Noticed Sonja
  1085 | D        | Killed Sonja
  1117 | D        | Found Jititirch's Distillery.
  1125 | D        | Bought a potion of mutation for 88 gold pieces
  1125 | D        | Bought a potion of degeneration for 11 gold pieces
  1125 | D        | Bought a potion of invisibility for 88 gold pieces
  1126 | D        | Gained mutation: You have very sharp teeth. [potion of
                  | mutation]
  1126 | D        | Gained mutation: You possess an exceptional clarity of
                  | mind. [potion of mutation]
  1126 | D        | Gained mutation: You passively map a small area around you.
                  | [potion of mutation]
  1126 | D        | Gained mutation: Your spells are a little harder to cast,
                  | but a little more powerful. [potion of mutation]
  1292 | D        | Received a gift from Okawaru
  1653 | D        | Got a serpentine golden ring
  1654 | D        | Identified the ring "Ziryax" {rPois MP+9} (You found it in
                  | the Dungeon)
  1663 | D        | Found Zocvefeg's Jewellery Shoppe.
  1663 | D        | Found Ahus's Food Shop.
  1663 | D        | Found Uwkocsuyr's Gadget Boutique.
  1665 | D        | Found Momoud's Weapon Emporium.
  1665 | D        | Found Ifol's General Store.
  1665 | D        | Found Rutuajalo's Magic Scroll Shoppe.
  1665 | D        | Found Rimo's Assorted Antiques.
  1665 | D        | Found Kalybloc's Magic Scroll Emporium.
  1665 | D        | Found Saickis's Gadget Shop.
  1665 | D        | Found Ynweh's Magic Scroll Shoppe.
  1669 | D        | Found Sawnam's Distillery.
  1670 | D        | Found Fowiseip's Gadget Emporium.
  1670 | D        | Found Vuluter's Antique Weapon Boutique.
  1671 | D        | Found Ecedudd's Gadget Emporium.
  1676 | D        | Bought a scroll of identify for 26 gold pieces
  1676 | D        | Bought a scroll of identify for 26 gold pieces
  1682 | D        | Bought 2 potions of agility for 104 gold pieces
  1682 | D        | Bought a potion of heal wounds for 65 gold pieces
  1684 | D        | Bought a glowing dagger for 110 gold pieces
  1687 | D        | Bought a glowing shortbow for 132 gold pieces
  1760 | D        | Bought a potion of invisibility for 88 gold pieces
  1760 | D        | Bought a potion of resistance for 110 gold pieces
  1804 | D        | Bought a +5 ring of dexterity for 535 gold pieces
  1804 | D        | Bought the ring "Sajalyov" {MR+ Str+2} for 470 gold pieces
  2009 | D        | Noticed a gargoyle
  2013 | D        | Killed a gargoyle
  2013 | D        | Reached skill level 5 in Throwing
  2037 | D        | Noticed a lindwurm
  2040 | D        | Killed a lindwurm
  2058 | D        | Reached XP level 11. HP: 56/56 MP: 18/18
  2168 | D        | Reached skill level 24 in Stealth
  2231 | D        | Noticed a daeva
  2234 | D        | Noticed an unseen horror
  2234 | D        | Noticed an unseen horror
  2234 | D        | Noticed an unseen horror
  2237 | D        | Noticed an unseen horror
  2265 | D        | Killed an unseen horror
  2286 | D        | Killed an unseen horror
  2286 | D        | Reached skill level 25 in Stealth
  2338 | D        | Killed an unseen horror
  2579 | D        | Killed an unseen horror
  2591 | D        | Noticed a lorocyproca
  2596 | D        | Killed a lorocyproca
  2851 | D        | Noticed a 12-headed hydra
  2853 | D        | Killed a 12-headed hydra
  2853 | D        | Reached skill level 15 in Short Blades
  2955 | D        | Bought the ring "Ylucs" {rElec rPois rF+ rN+ Slay-3} for
                  | 423 gold pieces
  2969 | D        | Bought an uncursed ring of protection from fire for 325
                  | gold pieces
  3103 | D        | Noticed a shadow dragon
  3103 | D        | Noticed a golden dragon
  3159 | D        | Noticed an unseen horror
  3267 | D        | Killed an unseen horror
  3338 | D        | Noticed a fire giant
  3343 | D        | Noticed a fire giant
  3419 | D        | HP: 1/58 [fire giant/bolt of fire (16)]
  3422 | D        | Mangled by a fire giant

Skill      XL: |  1  2  3  4  5  6  7  8  9 10 11 |
---------------+----------------------------------+-----
Stealth        | 10 14 18 21 22 23 25 | 25.0
Fighting       | 4 6 7 |  7.5
Short Blades   | 7 9 12 15 | 15.1
Dodging        | 12 15 17 | 17.0
Invocations    | 3 9 |  9.9
Throwing       | 7 |  7.0

Action                   |  1- 3 |  4- 6 |  7- 9 | 10-12 || total
-------------------------+-------+-------+-------+-------++-------
Melee: Dagger            |     5 |     4 |    14 |   669 ||   692
       Bite              |       |       |       |   116 ||   116
       Punch             |       |       |       |     9 ||     9
 Fire: Blowgun           |     1 |       |    14 |    34 ||    49
Invok: Heroism           |       |       |       |     6 ||     6
       Finesse           |       |       |       |     6 ||     6
  Use: Scroll            |       |       |     1 |     3 ||     4
       Potion            |       |       |     1 |     5 ||     6
 Stab: Sleeping          |     2 |     4 |     8 |    16 ||    30
       Distracted        |       |       |       |     2 ||     2
  Eat: Ration            |       |       |       |     1 ||     1
Armor: Robe              |       |       |     1 |     1 ||     2
       Troll leather arm |       |       |       |    31 ||    31
Dodge: Dodged            |     1 |       |    50 |   552 ||   603
